| TOP OF THE 1ST |
|
Beloit Snappers batting - Pitching for Delmarva Shorebirds : RHP Elliot Monroe
|
|
Pitching: RHP Elliot Monroe
|
|
|
Batting: RHB Dan Boylan
|
0-0: Ball 1-0: Ball 2-0: Foul Ball, location: 2F 2-1: Foul Ball, location: 2F 2-2: Ball 3-2: Fly out, F8 (Line Drive, 8RD, EV 95.6 MPH)
|
|
Batting: RHB Moses Brokken
|
0-0: Ball 1-0: DOUBLE (Flyball, 78D, EV 106.2 MPH)
|
|
Batting: SHB D.J. Codd
|
0-0: Called Strike 0-1: Fly out, F9 (Flyball, 9, EV 89.4 MPH)
|
|
Batting: RHB Diwan Abdul-Salam
|
0-0: Ball 1-0: Called Strike 1-1: Ball 2-1: Swinging Strike 2-2: Foul Ball, location: 2F 2-2: Strikes out swinging
|
| Top of the 1st over - 0 runs, 1 hit, 0 errors, 1 left on base; Beloit 0 - Delmarva 0 |
| BOTTOM OF THE 1ST |
|
Delmarva Shorebirds batting - Pitching for Beloit Snappers : RHP Jaylen Walker
|
|
Pitching: RHP Jaylen Walker
|
|
|
Batting: RHB Michel Kamphuis
|
0-0: Called Strike 0-1: Ball 1-1: Ground out 4-3 (Groundball, 4, EV 98.1 MPH)
|
|
Batting: LHB Jose Bethancourt
|
0-0: Ball 1-0: Ball 2-0: Ball 3-0: Foul Ball, location: 2F 3-1: Foul Ball, location: 2F 3-2: Strikes out looking
|
|
Batting: LHB Pat Shaddock
|
0-0: Foul Ball, location: 2F 0-1: Ball 1-1: Ball 2-1: Ground out 6-3 (Groundball, 56, EV 79.4 MPH)
|
| Bottom of the 1st over - 0 runs, 0 hits, 0 errors, 0 left on base; Beloit 0 - Delmarva 0 |
| TOP OF THE 2ND |
|
Beloit Snappers batting - Pitching for Delmarva Shorebirds : RHP Elliot Monroe
|
|
Batting: RHB Manny Vizzerra
|
0-0: Ball 1-0: Swinging Strike 1-1: Ball 2-1: Foul Ball, location: 2F 2-2: Ball 3-2: Foul Ball, location: 2F 3-2: Strikes out swinging
|
|
Batting: RHB Scott Wiggs
|
0-0: SINGLE (Flyball, 89S, EV 88.8 MPH)
|
|
Batting: RHB Rick Linders
|
0-0: Called Strike Scott Wiggs steals 2nd base 0-1: Foul Ball, location: 2F 0-2: Ball 1-2: Ground out 6-3 (Groundball, 6, EV 88.8 MPH)
|
|
Batting: RHB Travis Lanctot
|
0-0: Foul Ball, location: 2F 0-1: Fly out, F7 (Flyball, 7, EV 89.4 MPH)
|
| Top of the 2nd over - 0 runs, 1 hit, 0 errors, 1 left on base; Beloit 0 - Delmarva 0 |
| BOTTOM OF THE 2ND |
|
Delmarva Shorebirds batting - Pitching for Beloit Snappers : RHP Jaylen Walker
|
|
Batting: RHB Kiyuu del Castillo
|
0-0: Ground out 5-3 (Groundball, 56S, EV 85.0 MPH)
|
|
Batting: RHB Willie Manrique
|
0-0: Swinging Strike 0-1: Ball 1-1: Foul Ball, location: 2F 1-2: Foul Ball, location: 2F 1-2: Ball 2-2: Fly out, F8 (Flyball, 89D, EV 85.6 MPH)
|
|
Batting: LHB Momoru Yasui
|
0-0: Ground out 6-3 (Groundball, 56, EV 80.0 MPH)
|
| Bottom of the 2nd over - 0 runs, 0 hits, 0 errors, 0 left on base; Beloit 0 - Delmarva 0 |
| TOP OF THE 3RD |
|
Beloit Snappers batting - Pitching for Delmarva Shorebirds : RHP Elliot Monroe
|
|
Batting: RHB Brian Rathbun
|
0-0: Ball 1-0: Called Strike 1-1: Swinging Strike 1-2: Foul Ball, location: 2F 1-2: Foul Ball, location: 2F 1-2: Ground out 6-3 (Groundball, 6, EV 105.6 MPH)
|
|
Batting: RHB Dan Boylan
|
0-0: Called Strike 0-1: Swinging Strike 0-2: Strikes out swinging
|
|
Batting: RHB Moses Brokken
|
0-0: Swinging Strike 0-1: Foul Ball, location: 2F 0-2: Ground out 5-3 (Groundball, 56, EV 106.2 MPH)
|
| Top of the 3rd over - 0 runs, 0 hits, 0 errors, 0 left on base; Beloit 0 - Delmarva 0 |
| BOTTOM OF THE 3RD |
|
Delmarva Shorebirds batting - Pitching for Beloit Snappers : RHP Jaylen Walker
|
|
Batting: RHB Mario Luna
|
0-0: Called Strike 0-1: Foul Ball, location: 2F 0-2: Ball 1-2: Strikes out swinging
|
|
Batting: LHB Rodolfo Montes
|
0-0: Ball 1-0: Foul Ball, location: 2F 1-1: Called Strike 1-2: Ground out 1-3 (Groundball, 13S, EV 66.2 MPH)
|
|
Batting: RHB Adam Swimmer
|
0-0: Called Strike 0-1: Swinging Strike 0-2: Ball 1-2: Ball 2-2: Foul Ball, location: 2F 2-2: Foul Ball, location: 2F 2-2: Strikes out looking
|
| Bottom of the 3rd over - 0 runs, 0 hits, 0 errors, 0 left on base; Beloit 0 - Delmarva 0 |
| TOP OF THE 4TH |
|
Beloit Snappers batting - Pitching for Delmarva Shorebirds : RHP Elliot Monroe
|
|
Batting: SHB D.J. Codd
|
0-0: Ball 1-0: Foul Ball, location: 2F 1-1: Ball 2-1: Ball 3-1: Foul Ball, location: 2F 3-2: Strikes out looking
|
|
Batting: RHB Diwan Abdul-Salam
|
0-0: Ball 1-0: Ball 2-0: Ball 3-0: Called Strike 3-1: Base on Balls
|
|
Batting: RHB Manny Vizzerra
|
0-0: Ball 1-0: Foul Ball, location: 2F 1-1: Fly out, F9 (Flyball, 89S, EV 64.4 MPH)
|
|
Batting: RHB Scott Wiggs
|
0-0: Called Strike 0-1: Ball 1-1: Ball 2-1: DOUBLE (Line Drive, 89D, EV 113.1 MPH) Diwan Abdul-Salam to third Runner from 3rd tries for Home, SAFE, no throw by CF
|
|
Batting: RHB Rick Linders
|
0-0: Ball 1-0: Called Strike 1-1: Ball Wild Pitch! Scott Wiggs to third 2-1: Foul Ball, location: 2F 2-2: Foul Ball, location: 2F 2-2: Strikes out swinging
|
| Top of the 4th over - 1 run, 1 hit, 0 errors, 1 left on base; Beloit 1 - Delmarva 0 |
| BOTTOM OF THE 4TH |
|
Delmarva Shorebirds batting - Pitching for Beloit Snappers : RHP Jaylen Walker
|
|
Batting: RHB Michel Kamphuis
|
0-0: Ball 1-0: Foul Ball, location: 2F 1-1: Ball 2-1: Ball 3-1: Foul Ball, location: 2F 3-2: Foul Ball, location: 2F 3-2: Base on Balls
|
|
Batting: LHB Jose Bethancourt
|
0-0: Ball 1-0: Called Strike 1-1: Called Strike Michel Kamphuis steals 2nd base (no throw) 1-2: Strikes out swinging
|
|
Batting: LHB Pat Shaddock
|
0-0: Ball 1-0: Ball 2-0: Foul Ball, location: 2F 2-1: Called Strike 2-2: Foul Ball, location: 2F 2-2: Foul Ball, location: 2F 2-2: Ball 3-2: Foul Ball, location: 2F 3-2: Base on Balls
|
|
Batting: RHB Kiyuu del Castillo
|
0-0: Swinging Strike 0-1: Ball 1-1: Swinging Strike 1-2: Ball 2-2: Strikes out looking
|
|
Batting: RHB Willie Manrique
|
0-0: Called Strike 0-1: Called Strike 0-2: Ball 1-2: Strikes out swinging
|
| Bottom of the 4th over - 0 runs, 0 hits, 0 errors, 2 left on base; Beloit 1 - Delmarva 0 |
| TOP OF THE 5TH |
|
Beloit Snappers batting - Pitching for Delmarva Shorebirds : RHP Elliot Monroe
|
|
Batting: RHB Travis Lanctot
|
0-0: Called Strike 0-1: Foul Ball, location: 2F 0-2: Foul Ball, location: 2F 0-2: Ball 1-2: Hit by Pitch
|
|
Batting: RHB Brian Rathbun
|
0-0: Ball 1-0: Called Strike 1-1: Foul Ball, location: 2F 1-2: Strikes out swinging
|
|
Batting: RHB Dan Boylan
|
0-0: Fly out, F8 (Flyball, 8RD, EV 102.5 MPH)
|
|
Batting: RHB Moses Brokken
|
0-0: Swinging Strike 0-1: Swinging Strike 0-2: Strikes out looking
|
| Top of the 5th over - 0 runs, 0 hits, 0 errors, 1 left on base; Beloit 1 - Delmarva 0 |
| BOTTOM OF THE 5TH |
|
Delmarva Shorebirds batting - Pitching for Beloit Snappers : RHP Jaylen Walker
|
|
Batting: LHB Momoru Yasui
|
0-0: Ball 1-0: Ball 2-0: Ball 3-0: SINGLE (Groundball, 3D, EV 98.8 MPH)
|
|
Batting: RHB Mario Luna
|
0-0: Ball 1-0: Ball 2-0: Foul Ball, location: 2F 2-1: Ball 3-1: Fielders Choice at 2nd, 6-4 (Groundball, 56, EV 80.6 MPH)
|
|
Batting: LHB Rodolfo Montes
|
0-0: Fielders Choice at 2nd, 6-4 (Groundball, 6M, EV 90.6 MPH)
|
|
Batting: RHB Adam Swimmer
|
0-0: Called Strike 0-1: Ball Rodolfo Montes steals 2nd base 1-1: Fly out, F9 (Flyball, 9LS, EV 86.2 MPH)
|
| Bottom of the 5th over - 0 runs, 1 hit, 0 errors, 1 left on base; Beloit 1 - Delmarva 0 |
| TOP OF THE 6TH |
|
Beloit Snappers batting - Pitching for Delmarva Shorebirds : RHP Elliot Monroe
|
|
Batting: SHB D.J. Codd
|
0-0: Ball 1-0: Called Strike 1-1: Foul Ball, location: 2F 1-2: Strikes out looking
|
|
Batting: RHB Diwan Abdul-Salam
|
0-0: Called Strike 0-1: Foul Ball, location: 2F 0-2: Fly out, F7 (Flyball, 7D, EV 101.9 MPH)
|
|
Batting: RHB Manny Vizzerra
|
0-0: Ball 1-0: Ball 2-0: Ball 3-0: Called Strike 3-1: Swinging Strike 3-2: Foul Ball, location: 2F 3-2: Foul Ball, location: 2F 3-2: DOUBLE (Line Drive, 89D, EV 113.8 MPH)
|
|
Pitching: LHP Eric Bice
|
|
|
Batting: RHB Scott Wiggs
|
0-0: Called Strike 0-1: Foul Ball, location: 2F 0-2: Ball 1-2: Strikes out swinging
|
| Top of the 6th over - 0 runs, 1 hit, 0 errors, 1 left on base; Beloit 1 - Delmarva 0 |
| BOTTOM OF THE 6TH |
|
Delmarva Shorebirds batting - Pitching for Beloit Snappers : RHP Jaylen Walker
|
|
Batting: RHB Michel Kamphuis
|
0-0: Swinging Strike 0-1: SINGLE (Groundball, 4MD, EV 98.8 MPH)
|
|
Batting: LHB Jose Bethancourt
|
0-0: Ball Michel Kamphuis steals 2nd base 1-0: Foul Ball, location: 2F 1-1: Foul Ball, location: 2F 1-2: SINGLE (Groundball, 56D, EV 101.2 MPH) Michel Kamphuis to third Runner from 3rd tries for Home, SAFE, throw by LF to home Jose Bethancourt to second
|
|
Batting: LHB Pat Shaddock
|
0-0: Intentional Walk
|
|
Batting: RHB Kiyuu del Castillo
|
0-0: Foul Ball, location: 2F 0-1: Ball 1-1: Swinging Strike 1-2: Strikes out looking
|
|
Batting: RHB Willie Manrique
|
0-0: Ball Jose Bethancourt steals 3rd base Pat Shaddock to second 1-0: SINGLE (Groundball, 56D, EV 98.1 MPH) Jose Bethancourt scores Pat Shaddock to third Runner from 3rd tries for Home, SAFE, throw by LF to home
|
|
Pitching: RHP Roberto Benavides
|
|
|
Batting: LHB Momoru Yasui
|
0-0: Ball 1-0: Ball Willie Manrique steals 2nd base (no throw) 2-0: Called Strike 2-1: Swinging Strike 2-2: Strikes out looking
|
|
Batting: RHB Mario Luna
|
0-0: Called Strike 0-1: Ball 1-1: Foul Ball, location: 2F 1-2: Strikes out swinging
|
| Bottom of the 6th over - 3 runs, 3 hits, 0 errors, 1 left on base; Beloit 1 - Delmarva 3 |
| TOP OF THE 7TH |
|
Beloit Snappers batting - Pitching for Delmarva Shorebirds : LHP Eric Bice
|
|
Batting: RHB Rick Linders
|
0-0: Ball 1-0: Ball 2-0: Called Strike 2-1: Called Strike 2-2: Ball 3-2: Foul Ball, location: 2F 3-2: Strikes out swinging
|
|
Batting: RHB Travis Lanctot
|
0-0: Ball 1-0: Foul Ball, location: 2F 1-1: SINGLE (Groundball, 34D, EV 94.4 MPH)
|
|
Batting: RHB Brian Rathbun
|
0-0: Ball 1-0: Called Strike 1-1: Foul Ball, location: 2F 1-2: Strikes out swinging
|
|
Batting: RHB Dan Boylan
|
0-0: Ball 1-0: Ball 2-0: SINGLE (Groundball, 6S, EV 75.0 MPH) (infield hit) Travis Lanctot to second
|
|
Batting: RHB Moses Brokken
|
0-0: Swinging Strike 0-1: Foul Ball, location: 2F 0-2: Ball 1-2: Strikes out looking
|
| Top of the 7th over - 0 runs, 2 hits, 0 errors, 2 left on base; Beloit 1 - Delmarva 3 |
| BOTTOM OF THE 7TH |
|
Delmarva Shorebirds batting - Pitching for Beloit Snappers : RHP Roberto Benavides
|
|
Batting: LHB Rodolfo Montes
|
0-0: Ball 1-0: Fly out, F8 (Flyball, 8RD, EV 104.4 MPH)
|
|
Batting: RHB Adam Swimmer
|
0-0: Called Strike 0-1: Called Strike 0-2: Ball 1-2: Ball 2-2: Ball 3-2: Strikes out swinging
|
|
Batting: RHB Michel Kamphuis
|
0-0: Ball 1-0: Swinging Strike 1-1: Called Strike 1-2: Ball 2-2: Fly out, F7 (Flyball, 7LM, EV 88.8 MPH)
|
| Bottom of the 7th over - 0 runs, 0 hits, 0 errors, 0 left on base; Beloit 1 - Delmarva 3 |
| TOP OF THE 8TH |
|
Beloit Snappers batting - Pitching for Delmarva Shorebirds : LHP Eric Bice
|
|
Pitching: LHP Justin Hinton
|
|
|
Batting: SHB D.J. Codd
|
0-0: Foul Ball, location: 2F 0-1: Foul Ball, location: 2F 0-2: Foul Ball, location: 2F 0-2: Foul Ball, location: 2F 0-2: Strikes out swinging
|
|
DELAY
|
Rain delay of 52 minutes in the 8th inning.
|
|
Batting: RHB Diwan Abdul-Salam
|
0-0: Swinging Strike 0-1: SINGLE (Flyball, 6D, EV 86.9 MPH)
|
|
Batting: RHB Manny Vizzerra
|
0-0: Grounds into double play, U3-6 (Groundball, 3L, EV 93.1 MPH)
|
| Top of the 8th over - 0 runs, 1 hit, 0 errors, 0 left on base; Beloit 1 - Delmarva 3 |
| BOTTOM OF THE 8TH |
|
Delmarva Shorebirds batting - Pitching for Beloit Snappers : RHP Roberto Benavides
|
|
Pitching: RHP Theodore Behr
|
|
|
Batting: LHB Jose Bethancourt
|
0-0: Ball 1-0: Ball 2-0: Foul Ball, location: 2F 2-1: Foul Ball, location: 2F 2-2: Foul Ball, location: 2F 2-2: Fly out, F7 (Line Drive, 78S, EV 106.2 MPH)
|
|
Batting: LHB Pat Shaddock
|
0-0: Ball 1-0: Ball 2-0: Swinging Strike 2-1: Foul Ball, location: 2F 2-2: Strikes out swinging
|
|
Batting: RHB Kiyuu del Castillo
|
0-0: Foul Ball, location: 2F 0-1: Foul Ball, location: 2F 0-2: Strikes out swinging
|
| Bottom of the 8th over - 0 runs, 0 hits, 0 errors, 0 left on base; Beloit 1 - Delmarva 3 |
| TOP OF THE 9TH |
|
Beloit Snappers batting - Pitching for Delmarva Shorebirds : LHP Justin Hinton
|
|
Pitching: LHP Mark Gehring
|
|
|
Batting: RHB Scott Wiggs
|
0-0: Ground out 5-3 (Groundball, 5, EV 98.1 MPH)
|
|
Batting: RHB Rick Linders
|
0-0: Called Strike 0-1: Ball 1-1: Fly out, F9 (Flyball, 9D, EV 101.2 MPH)
|
|
Batting: RHB Travis Lanctot
|
0-0: SINGLE (Groundball, 6S, EV 94.4 MPH)
|
|
Batting: RHB Brian Rathbun
|
0-0: Called Strike 0-1: Foul Ball, location: 2F 0-2: Ball 1-2: Ball 2-2: Foul Ball, location: 2F 2-2: Ball 3-2: Base on Balls Travis Lanctot to second
|
|
Batting: RHB Dan Boylan
|
0-0: Ground out 1-3 (Groundball, P, EV 64.4 MPH)
|
| Top of the 9th over - 0 runs, 1 hit, 0 errors, 2 left on base; Beloit 1 - Delmarva 3 |
|